 Dungeon Crawl Stone Soup version 0.19.0-19-g8c6edcc (webtiles) character file.

267 Monsterracer the Chopper (level 6, -1/56 HPs)
             Began as a Hill Orc Monk on Nov 12, 2016.
             Was a Priest of Okawaru.
             Slain by a gnoll
             ... wielding a +0 spear
              (2 damage)
             ... on level 3 of the Dungeon.
             The game lasted 00:09:49 (2368 turns).

Monsterracer the Chopper (Hill Orc Monk)            Turns: 2368, Time: 00:09:50

Health: -1/56      AC: 10    Str: 14    XL:     6   Next: 21%
Magic:  6/8        EV: 10    Int: 10    God:    Okawaru [***...]
Gold:   131        SH:  0    Dex: 18    Spells: 0 memorised, 5 levels left

rFire  . . .     SeeInvis .     a - +0 hand axe
rCold  . . .     Gourm    .     i - +0 chain mail
rNeg   . . .     Faith    .     (no shield)
rPois  .         Spirit   .     (no helmet)
rElec  .         Reflect  .     (no cloak)
rCorr  .         Harm     .     (no gloves)
MR     +....                    (no boots)
Stlth  +.........               (no amulet)
                                q - +3 ring of dexterity
                                m - ring of flight

@: about to teleport, heroism
A: magic resistance 1
a: Heroism, Renounce Religion, Evoke Flight


You were on level 3 of the Dungeon.
You worshipped Okawaru.
Okawaru was most pleased with you.
You were very hungry.

You visited 1 branch of the dungeon, and saw 3 of its levels.

You collected 131 gold pieces.

Inventory:

Hand Weapons
 a - a +0 hand axe (weapon)
Armour
 i - a +0 chain mail (worn)
Jewellery
 l - an uncursed ring of wizardry
 m - a ring of flight (left hand)
 q - a +3 ring of dexterity (right hand)
Scrolls
 b - a scroll of remove curse
 d - 6 scrolls of identify {unknown}
 e - a scroll of amnesia {unknown}
 f - 2 scrolls of teleportation
 g - a scroll of fog {unknown}
 h - a scroll of immolation {unknown}
 k - a scroll of enchant weapon {unknown}
 n - a scroll of noise {unknown}
 p - a scroll of fear {unknown}
Potions
 o - a potion of cure mutation
Comestibles
 c - 2 bread rations
 j - a beef jerky
 r - a meat ration


   Skills:
 + Level 5.0(10.0) Fighting
 * Level 6.8(11.8) Axes
 + Level 1.9(6.9) Armour
 - Level 2.4(7.4) Dodging
 - Level 1.5(6.5) Stealth
 + Level 2.7 Invocations


You had 5 spell levels left.
You didn't know any spells.

Dungeon Overview and Level Annotations

Branches:
Dungeon (3/15)

Altars:
Okawaru


Innate Abilities, Weirdness & Mutations

You are resistant to hostile enchantments. (MR+)


Message History

You closely miss the gnoll. The gnoll barely misses you.
The gnoll hits you but does no damage. The gnoll barely misses you.
You hit the gnoll.
The gnoll is heavily wounded.
The gnoll barely misses you.
You hit the gnoll but do no damage.
The gnoll is heavily wounded.
The gnoll hits you but does no damage. x2
Your chain mail prevents you from hitting the gnoll.
The gnoll is heavily wounded.
The gnoll hits you from afar with a halberd!
* * * LOW HITPOINT WARNING * * *
The gnoll hits you from afar with a spear.
* * * LOW HITPOINT WARNING * * *
The gnoll hits you but does no damage.
Okay, then.
As you read the scroll of teleportation, it crumbles to dust.
You feel strangely unstable.
The gnoll hits you from afar with a spear.
You die... # #. .#### ..o## ggo

#g# ### #@#
##.##
#.#########...##
#..............#
###########...##
##.## #.# #.#
########.###
##...##.....#


You could see 3 gnolls and 2 orcs.

Vanquished Creatures
  A bullfrog zombie (D:3)
  Ijyb (D:2)
  Terence (D:2)
  Natasha (twice) (D:3)
  A gnoll (D:3)
  7 adders
  2 worms (D:2)
  2 dart slugs
  2 leopard geckos
  An orc (D:3)
  4 giant cockroaches
  17 goblins
  3 hobgoblins (D:2)
  6 kobolds
  3 bats
  2 frilled lizards (D:1)
  A rat (D:3)
56 creatures vanquished.

Notes
Turn   | Place    | Note
-------+----------+-------------------------------------------
     0 | D:1      | Monsterracer the Hill Orc Monk began the quest for the Orb.
     0 | D:1      | Reached XP level 1. HP: 19/19 MP: 1/1
   151 | D:1      | Reached XP level 2. HP: 20/26 MP: 2/2
   314 | D:1      | Gained mutation: You are covered in fur. (AC +1) [potion of mutation]
   314 | D:1      | Gained mutation: You are robust. (+10% HP) [potion of mutation]
   314 | D:1      | Gained mutation: You regenerate slowly when monsters are visible. [potion of mutation]
   431 | D:2      | Reached skill level 5 in Axes
   456 | D:2      | Found a faded altar of an unknown god.
   473 | D:2      | Reached XP level 3. HP: 33/34 MP: 3/3
   484 | D:2      | Became a worshipper of Warmaster Okawaru
   484 | D:2      | Reached * piety under Okawaru
   484 | D:2      | Reached ** piety under Okawaru
   814 | D:2      | Reached skill level 1 in Invocations
   845 | D:2      | Reached XP level 4. HP: 19/44 MP: 4/4
  1054 | D:2      | Reached skill level 6 in Axes
  1248 | D:2      | Noticed Terence
  1262 | D:2      | Killed Terence
  1285 | D:2      | Reached skill level 1 in Armour
  1285 | D:2      | Reached XP level 5. HP: 15/51 MP: 6/6
  1585 | D:2      | Noticed Ijyb
  1612 | D:2      | Killed Ijyb
  1612 | D:2      | Reached *** piety under Okawaru
  1617 | D:2      | Lost mutation: You are covered in fur. (AC +1) [potion of cure mutation]
  1617 | D:2      | Lost mutation: You regenerate slowly when monsters are visible. [potion of cure mutation]
  1617 | D:2      | Lost mutation: You are robust. (+10% HP) [potion of cure mutation]
  1988 | D:3      | Noticed Natasha
  2001 | D:3      | Killed Natasha
  2017 | D:3      | Gained mutation: You are resistant to hostile enchantments. (MR+) [potion of beneficial mutation]
  2122 | D:3      | Noticed Natasha
  2136 | D:3      | Reached XP level 6. HP: 43/55 MP: 7/7
  2167 | D:3      | Killed Natasha
  2359 | D:3      | Reached skill level 5 in Fighting
  2367 | D:3      | HP: 1/56 [gnoll/spear (3)]
  2368 | D:3      | Slain by a gnoll

Skill      XL: |  1  2  3  4  5  6 |
---------------+-------------------+-----
Axes           | 5 6 |  6.8
Invocations    | 1 2 |  2.7
Fighting       | 4 5 |  5.0
Armour         | 1 |  1.9
Dodging        | |  2.4
Stealth        | |  1.5

Action                   |  1- 3 |  4- 6 || total
-------------------------+-------+-------++-------
Melee: Hand axe          |   106 |   205 ||   311
Invok: Heroism           |       |     2 ||     2
  Use: Potion            |     7 |     3 ||    10
       Scroll            |       |     3 ||     3
 Stab: Sleeping          |     1 |       ||     1
  Eat: Chunk             |       |     4 ||     4
Armor: Chain mail        |    67 |   109 ||   176
       Robe              |     3 |       ||     3
Dodge: Dodged            |    34 |    74 ||   108
